 Dungeon Crawl Stone Soup version 0.19-a0-944-gb338e1e (webtiles) character file.

112 Carpet the Chopper (level 4, -2/37 HPs)
             Began as a Hill Orc Gladiator on July 10, 2016.
             Slain by an orc priest
             ... wielding a +0 mace
              (6 damage)
             ... on level 3 of the Dungeon.
             The game lasted 00:03:56 (1727 turns).

Carpet the Chopper (Hill Orc Gladiator)             Turns: 1727, Time: 00:03:57

Health: -2/37      AC:  6    Str: 17    XL:     4   Next: 93%
Magic:  0/4        EV: 11    Int:  8    God:
Gold:   59         SH:  0    Dex: 12    Spells: 0 memorised, 3 levels left

rFire  . . .     SeeInvis .     r - +1 hand axe (chop)
rCold  . . .     Gourm    .     m - +0 ring mail
rNeg   . . .     Faith    .     (no shield)
rPois  .         Spirit   +     c - +0 helmet
rElec  .         Dismiss  .     (no cloak)
rCorr  .         Reflect  .     (no gloves)
SustAt .         Harm     .     (no boots)
MR     .....     Rnd*Tele +     k - amulet of guardian spirit
Stlth  +.........               (no ring)
                                i - ring of teleportation (curse)

@: not resistant to hostile enchantments, very unstealthy
A: no striking features
a: Convert to Beogh


You were on level 3 of the Dungeon.
You were not hungry.

You visited 1 branch of the dungeon, and saw 3 of its levels.

You collected 59 gold pieces.

Inventory:

Hand Weapons
 b - a +0 hand axe
 r - a +1 hand axe of chopping (weapon)
Missiles
 d - 3 throwing nets (quivered)
 p - 11 poisoned needles
Armour
 c - a +0 helmet (worn)
 m - a +0 ring mail (worn)
Jewellery
 i - a cursed ring of teleportation (left hand)
 k - an amulet of guardian spirit (around neck)
Scrolls
 e - a scroll of remove curse {unknown}
 l - a scroll of teleportation {unknown}
 n - 3 scrolls of enchant armour {unknown}
 o - a scroll of identify {unknown}
Potions
 a - a potion of heal wounds {unknown}
 h - 3 potions of curing {unknown}
 j - a potion of flight {unknown}
Comestibles
 f - a bread ration
 g - 12 chunks of flesh
 q - a royal jelly


   Skills:
 - Level 2.4 Fighting
 + Level 7.2 Axes
 - Level 1.7 Throwing
 - Level 2.4 Dodging


You had 3 spell levels left.
You didn't know any spells.

Dungeon Overview and Level Annotations

Branches:
Dungeon (3/15)

Altars:


Message History

The orc wizard is almost dead.
The orc wizard hits you with a dagger.
You hit the orc wizard.
You kill the orc wizard!
Your Axes skill increases to level 7!
The orc priest calls down the wrath of Beogh upon you.
Beogh smites you!
You hear an angry hiss.
You slash the orc!
You kill the orc!
You hit the orc priest but do no damage.
The orc priest hits you with a mace.
You completely miss the orc priest. You barely miss the orc priest.
The orc priest invokes the aid of Beogh against you.
Beogh smites you!
* * * LOW HITPOINT WARNING * * *
You hear an angry hiss.
You hear a shout!
You closely miss the orc priest. The orc priest hits you with a mace.
You die...

######## ###......#
........#
#......#####
#......##..#######o.
#...........o..o.o..
#.....)##o#......$..
#......##@##.......%
#......##.##........
#......##.##........
#.<....##.##.......(
###..####.####..##..
#..# #># .## .. ...#
... .# #.#.. #.#
#...##


You could see an orc priest.

Vanquished Creatures
  An orc wizard (D:3)
  3 adders
  2 giant geckos
  An orc (D:3)
  7 bats
  4 giant cockroaches
  4 goblins
  7 hobgoblins
  4 jackals (D:2)
  4 kobolds
  2 quokkas (D:2)
  3 giant newts (D:2)
  7 rats
49 creatures vanquished.

Notes
Turn   | Place    | Note
-------+----------+-------------------------------------------
     0 | D:1      | Carpet the Hill Orc Gladiator began the quest for the Orb.
     0 | D:1      | Reached XP level 1. HP: 18/18 MP: 1/1
   110 | D:1      | Reached XP level 2. HP: 21/25 MP: 2/2
   358 | D:1      | Reached skill level 5 in Axes
   790 | D:1      | Reached XP level 3. HP: 30/30 MP: 3/3
  1325 | D:2      | Reached skill level 6 in Axes
  1511 | D:2      | Reached XP level 4. HP: 33/37 MP: 4/4
  1722 | D:3      | Reached skill level 7 in Axes
  1727 | D:3      | Slain by an orc priest

Vault maps used:
D:1:      dpeg_arrival_shrine
D:3:      demons_altar, lemuel_statue_altar

Skill      XL: |  1  2  3  4 |
---------------+-------------+-----
Axes           | 5 6 7 |  7.2
Fighting       | |  2.4
Throwing       | |  1.7
Dodging        | |  2.4

Action                   |  1- 3 |  4- 6 || total
-------------------------+-------+-------++-------
Melee: War axe           |    83 |       ||    83
       Hand axe          |    44 |    47 ||    91
 Stab: Sleeping          |     1 |       ||     1
  Eat: Chunk             |     2 |     1 ||     3
Armor: Leather armour    |    47 |       ||    47
       Ring mail         |    17 |    20 ||    37
Dodge: Dodged            |    98 |    25 ||   123
